 Dungeon Crawl Stone Soup version 0.31-a0-174-g85c54bcb58 (webtiles) character file.

Game seed: 15863417512654016256

14 qw the Shooter (level 2, -2/26 HPs)
             Began as a Naga Hunter on June 15, 2023.
             Slain by a frilled lizard (3 damage)
             ... on level 1 of the Dungeon.
             The game lasted 00:00:09 (390 turns).

qw the Shooter (Naga Hunter)                         Turns: 390, Time: 00:00:10

Health: -2/26      AC:  2    Str: 13    XL:     2   Next: 45%
Magic:  2/2        EV:  9    Int:  9    God:
Gold:   24         SH:  0    Dex: 14    Spells: 1/1 levels left

rFire   . . .        a - +0 shortbow
rCold   . . .        (shield currently unavailable)
rNeg    . . .        c - +0 leather armour
rPois   +            (no helmet)
rElec   .            (no cloak)
rCorr   .            (no gloves)
SInv    +            (no barding)
Will    .....        (no amulet)
Stlth   ++           (no ring)
HPRegen 0.24/turn    (no ring)
MPRegen 0.08/turn

%: no passive effects
@: short of breath, very slow
A: AC +0, large, see invisible, deformed body, poison resistance, slowness 2,
spit poison 1, naga tail 1
a: Spit Poison


You were on level 1 of the Dungeon.
You visited 1 branch of the dungeon, and saw 1 of its levels.

You collected 24 gold pieces.


Innate Abilities, Weirdness & Mutations

Your serpentine skin is tough. (AC +0)
You have supernaturally acute eyesight. (SInv)
Armour fits poorly on your strangely shaped body.
Your system is resistant to poisons. (rPois)
You cover ground very slowly.
You can spit poison.
You have a snake-like lower body.


   Skills:
 - Level 2.0 Fighting
 + Level 4.2 Ranged Weapons
 - Level 1.5 Dodging
 - Level 1.5 Stealth


You had one spell level left.
You didn't know any spells.
Your spell library was empty.

Inventory:

Hand Weapons
 a - a +0 shortbow (weapon)
Armour
 c - a +0 leather armour (worn)
Jewellery
 i - an amulet of magic regeneration
Scrolls
 b - a scroll of butterflies
 d - a scroll of revelation {unknown}
 e - 2 scrolls of enchant armour {unknown}
 f - a scroll of identify {unknown}
Potions
 g - a potion of mutation {unknown}
 h - 2 potions of curing {unknown}

Dungeon Overview and Level Annotations

Branches:
Dungeon (1/15)

Altars:

Shops:
D:1 [


Message History

The quokka bites you. The quokka closely misses you.
You shoot an arrow. The arrow closely misses the quokka.
The quokka closely misses you. The endoplasm hits you.
You shoot an arrow. The arrow barely misses the quokka.
You have got your breath back.
The quokka bites you. The endoplasm hits you. The quokka barely misses you.
385 ||| INVOKING Spit Poison.
Aiming: Spit Poison (2% risk of failure)
Press: ? - help, Shift-Dir - straight line, f/p - quokka The splash of poison hits the quokka.
The quokka is poisoned.
The quokka is almost dead.
The endoplasm freezes you.
You are frozen.
The quokka bites you.
You shoot an arrow.
The arrow hits the quokka but does no damage.
The quokka is almost dead.
You kill the quokka!
The endoplasm freezes you.
You are frozen.
You shoot an arrow. The arrow hits the endoplasm.
The endoplasm is heavily wounded.
You have got your breath back.
The endoplasm freezes you.
You are frozen.
The frilled lizard bites you.
The frilled lizard bites you but does no damage.
The endoplasm closely misses you.
388 ||| INVOKING Spit Poison.
Aiming: Spit Poison (2% risk of failure)
Press: ? - help, Shift-Dir - straight line, f - frilled lizard, p - endoplasm The splash of poison misses the frilled lizard.
The endoplasm freezes you.
You are frozen.
The frilled lizard bites you.
You shoot an arrow. The arrow hits the endoplasm.
The endoplasm is heavily wounded.
The endoplasm barely misses you.
The frilled lizard completely misses you.
You shoot an arrow. The arrow hits the endoplasm.
The endoplasm is almost dead.
The endoplasm barely misses you. The frilled lizard bites you.
You die...

#.......... #..........
#.......... #....%..###
# # #.......# #.#>####
#.......# #......#
#.......#
.##...#.######.......###
......J@..............%.
.#....l########......###
#....#########......#
...... ..............#
###.. ########.......#
.... +........#########
..#. ###########.......
..## ###..........}
##...}.........


You could see an endoplasm and a frilled lizard.

Vanquished Creatures
  2 bats (D:1)
  2 goblins (D:1)
  2 hobgoblins (D:1)
  A quokka (D:1)
  4 ball pythons (D:1)
  A kobold (D:1)
  A rat (D:1)
13 creatures vanquished.

Notes
Turn   | Place    | Note
-------+----------+-------------------------------------------
     0 | D:1      | qw the Naga Hunter began the quest for the Orb.
     0 | D:1      | Reached XP level 1. HP: 19/19 MP: 1/1
     0 | D:1      | 0 ||| qw: Version: 0.2-a-29-g511e9b1
     0 | D:1      | 0 ||| qw: Game counter: 5558
     0 | D:1      | 0 ||| qw: Always use a shield: true
     0 | D:1      | 0 ||| qw: God list: Okawaru
     0 | D:1      | 0 ||| qw: Allow faded altars: false
     0 | D:1      | 0 ||| qw: Do Orc after D:15 true
     0 | D:1      | 0 ||| qw: Do second Lair branch before Depths: true
     0 | D:1      | 0 ||| qw: Lair rune preference: random
     0 | D:1      | 0 ||| qw: Plans: Normal
     0 | D:1      | 0 ||| PLANNING D:1-11
    68 | D:1      | 68 ||| INVOKING Spit Poison.
    72 | D:1      | 72 ||| INVOKING Spit Poison.
   115 | D:1      | Found Daf Yzib's Armour Shoppe.
   143 | D:1      | 143 ||| INVOKING Spit Poison.
   146 | D:1      | 146 ||| INVOKING Spit Poison.
   206 | D:1      | 206 ||| INVOKING Spit Poison.
   207 | D:1      | 207 ||| INVOKING Spit Poison.
   226 | D:1      | 226 ||| SHOPLISTING +0 helmet (45 gold, have 16).
   284 | D:1      | 284 ||| INVOKING Spit Poison.
   289 | D:1      | Reached skill level 4 in Ranged Weapons
   289 | D:1      | Reached XP level 2. HP: 26/26 MP: 2/2
   291 | D:1      | 291 ||| INVOKING Spit Poison.
   296 | D:1      | 296 ||| INVOKING Spit Poison.
   330 | D:1      | 330 ||| INVOKING Spit Poison.
   338 | D:1      | 338 ||| INVOKING Spit Poison.
   378 | D:1      | 378 ||| INVOKING Spit Poison.
   379 | D:1      | 379 ||| INVOKING Spit Poison.
   385 | D:1      | 385 ||| INVOKING Spit Poison.
   387 | D:1      | HP: 6/26 [frilled lizard (3)]
   388 | D:1      | 388 ||| INVOKING Spit Poison.
   388 | D:1      | HP: 1/26 [frilled lizard (2)]
   390 | D:1      | Slain by a frilled lizard

Levels and vault maps discovered:
D:1:      dpeg_arrival_water_temple_mockup, layout_basic, serial_shops,
          nicolae_shop_window_shopping

Skill      XL: |  1 |
---------------+----+-----
Ranged Weapons | 4 |  4.2
Fighting       | |  2.0
Dodging        | |  1.5
Stealth        | |  1.5

Action                     || total
---------------------------++-------
   Fire: Shortbow          ||    28
Ability: Spit Poison       ||    13
 Armour: Leather armour    ||     3
  Dodge: Dodged            ||    13

Table legend:
 A = Non-vault XP
 B = Vault XP
 C = Vault XP percentage of total XP
 D = Non-vault monster count
 E = Vault monster count
 F = Vault count percentage of total count
                 A         B        C        D         E       F
            +---------+---------+-------+---------+---------+-------
      Total |      21 |       0 |   0.0 |      13 |       0 |   0.0
            +---------+---------+-------+---------+---------+-------
        D:1 |      21 |       0 |   0.0 |      13 |       0 |   0.0
            +---------+---------+-------+---------+---------+-------
